Map: World of Sleepers LE

Players

thermostaat (uThermal)

  • Race: Terran Terran
  • Spawn Location: 7:00

Astrea - Winner!

  • Race: Protoss Protoss
  • League: Grandmaster
  • Spawn Location: 1:00

Event: Cheeseadelphia XI, Cheeseadelphia XI

VOD

Have the link to the VOD?

Description

Time

  • Played on: Dec. 15, 2019, 3 p.m.
  • Length: 17:56

All games in this series

Show
View Real Time Build Order
Export as new Build Order

thermostaat Terran 

Build Orders: Reaper Expand 

Get SALT Encoding   

  12  0:01  SCV  
  13  0:13  SCV  
  14  0:17  Supply Depot  
  14  0:25  SCV  
  15  0:39  SCV  
  15  0:40  Barracks  
  16  0:45  Refinery  
  16  0:51  SCV  
  17  1:03  SCV  
  18  1:15  SCV  
  19  1:27  Reaper  
  19  1:28  Orbital Command  
  20  1:44  Command Center  
  20  1:52  Supply Depot  
  20  1:53  SCV  
  21  1:59  Marine  
  22  2:06  SCV  
  23  2:08  Factory  
  23  2:15  Refinery  
  23  2:18  SCV  
  23  2:22  Barracks Reactor  
  24  2:25  Bunker  
  24  2:30  SCV  
  25  2:42  SCV  
  26  2:54  SCV  
  26  2:55  Starport  
  26  2:56  Orbital Command  
  28  2:58  Marine  
  28  3:01  Factory Tech Lab  
  27  3:06  SCV  
  27  3:09  Marine  
  29  3:16  Marine  
  29  3:18  SCV  
  34  3:20  Cyclone  
  34  3:22  SCV  
  34  3:26  Marine  
  36  3:30  SCV  
  36  3:32  Viking  
  40  3:34  SCV  
  40  3:35  Marine  
  40  3:39  Supply Depot  
  41  3:42  SCV  
  41  3:45  Marine  
  41  3:46  SCV  
  44  3:53  Marine  
  44  3:54  SCV  
  46  4:01  SCV, Command Center  
  47  4:07  SCV  
  47  4:08  Marine  
  47  4:09  Supply Depot  
  49  4:10  Marine  
  49  4:14  Siege Tank  
  53  4:19  SCV  
  54  4:28  Barracks  
  54  4:30  SCV, Marine x2  
  54  4:31  Supply Depot  
  57  4:33  SCV  
  57  4:43  SCV  
  57  4:48  Siege Tank, Marine, Refinery x2  
  57  4:50  SCV  
  62  4:53  Starport Tech Lab  
  62  4:54  Barracks  
  62  5:01  SCV, Marine  
  62  5:02  Supply Depot  
  62  5:03  SCV  
  62  5:06  Marine  
  66  5:13  SCV, Orbital Command  
  67  5:15  SCV  
  67  5:19  Starport Tech Lab  
  67  5:20  Siege Tank  
  71  5:22  Marine  
  71  5:24  Stimpack  
  71  5:25  Marine  
  71  5:26  SCV  
  71  5:27  SCV  
  75  5:31  Marine  
  76  5:38  SCV  
  76  5:40  Engineering Bay, Armory  
  76  5:41  SCV  
  78  5:44  Marine x2  
  78  5:47  Starport Reactor, Marine  
  78  5:48  Combat Shield  
  81  5:50  SCV  
  81  5:53  Supply Depot, Marine  
  81  5:56  Orbital Command  
  86  5:57  Siege Tank  
  86  5:58  SCV  
  86  6:02  SCV  
  88  6:06  Marine x2  
  88  6:07  Terran Infantry Weapons Level 1  
  88  6:08  Supply Depot  
  88  6:10  SCV  
  91  6:14  Marine  
  91  6:15  Marine  
  91  6:16  SCV  
  94  6:22  Barracks, SCV  
  94  6:24  Barracks  
  95  6:27  Marine  
  95  6:30  SCV x2  
  97  6:33  Drilling Claws, Marauder  
  97  6:35  Siege Tank  
  101  6:41  SCV  
  101  6:42  Supply Depot  
  103  6:47  Bunker, SCV  
  103  6:48  Marine  
  103  6:49  Marauder  
  103  6:50  Sensor Tower  
  103  6:52  SCV  
  103  6:53  Medivac  
  109  7:03  Supply Depot  
  109  7:04  SCV, Medivac  
  109  7:06  SCV  
  109  7:07  SCV, Widow Mine, Supply Depot  
  115  7:09  Marine x2  
  115  7:11  Barracks Reactor, Barracks Tech Lab  
  115  7:15  Supply Depot  
  117  7:22  Supply Depot  
  117  7:24  Engineering Bay  
  117  7:25  SCV x3, Medivac, Marine  
  117  7:27  Marine  
  124  7:32  Widow Mine  
  124  7:34  Medivac  
  124  7:36  Refinery  
  127  7:37  SCV x2, Refinery  
  127  7:38  Supply Depot, Marine  
  127  7:39  Marauder, Marine  
  127  7:42  Missile Turret  
  133  7:45  SCV, Marauder, Marine  
  133  7:49  SCV x2  
  139  7:58  SCV  
  140  8:01  SCV  
  141  8:05  Terran Infantry Weapons Level 2  
  141  8:06  Terran Infantry Armor Level 1  
  141  8:07  Widow Mine x2  
  141  8:09  Medivac  
  141  8:11  Supply Depot, Medivac  
  141  8:12  Command Center  
  149  8:16  Supply Depot, Marauder, Marine  
  149  8:18  Marine x2  
  154  8:22  Fusion Core  
  154  8:24  Supply Depot, Marine  
  155  8:29  Widow Mine  
  155  8:33  Widow Mine  
  159  8:35  Marine x2  
  159  8:37  Command Center  
  159  8:39  Marine  
  159  8:40  Marauder  
  162  8:46  Medivac x2  
  158  8:50  Widow Mine  
  158  8:52  Starport  
  158  8:53  Marine x2  
  158  8:54  Widow Mine  
  158  8:55  Marine  
  165  9:02  Marine  
  165  9:03  Marauder  
  165  9:05  Terran Ship Weapons Level 1  
  165  9:06  Liberator x2, Supply Depot  
  165  9:08  Supply Depot  
  168  9:12  Marauder, Marine  
  167  9:17  Marine  
  167  9:18  Liberator, Marauder  
  167  9:19  Advanced Ballistics  
  167  9:20  Marine  
  173  9:24  Supply Depot, Marauder  
  173  9:26  SCV  
  173  9:29  Marine  
  177  9:34  Marauder  
  177  9:35  Marine  
  179  9:38  Marine  
  179  9:39  Marauder  
  179  9:45  Marine  
  174  9:46  SCV  
  174  9:47  SCV, Marine  
  174  9:51  Orbital Command  
  173  9:53  Liberator  
  173  9:54  Missile Turret, Marauder, Marine  
  173  9:56  SCV  
  177  10:00  Marine  
  177  10:01  Marauder  
  177  10:03  Marine  
  177  10:04  Missile Turret, Refinery, Widow Mine x2  
  177  10:05  SCV  
  185  10:09  Refinery  
  188  10:18  Marine  
  188  10:19  Marauder  
  185  10:26  Marauder x2, Marine x2  
  163  10:31  Liberator x2  
  141  10:36  Marine  
  141  10:40  Marauder, Widow Mine  
  133  10:42  Liberator  
  133  10:43  Marine  
  133  10:44  Marauder  
  133  10:45  SCV  
  133  10:47  Marine  
  133  10:48  Marauder  
  144  10:51  SCV  
  144  10:54  SCV, Marine  
  146  10:58  SCV  
  146  11:01  Marauder, Marine  
  146  11:03  Widow Mine  
  155  11:04  SCV  
  155  11:05  Marauder  
  155  11:06  Planetary Fortress  
  155  11:09  Marine  
  155  11:10  Marauder  
  163  11:11  Marine, Widow Mine  
  163  11:13  SCV  
  165  11:19  Marine  
  165  11:21  Sensor Tower  
  165  11:23  Marauder  
  165  11:24  Sensor Tower  
  165  11:25  Missile Turret  
  168  11:27  Marauder, Marine  
  168  11:29  Marine  
  168  11:31  Marauder  
  174  11:37  Marine  
  174  11:38  Terran Ship Weapons Level 2  
  175  11:44  Marine  
  175  11:45  Marine  
  176  11:47  Marine  
  176  11:48  Marauder  
  176  11:52  Marine  
  179  11:55  Marine  
  179  11:57  Missile Turret  
  179  11:59  Missile Turret  
  177  12:02  Liberator, Marauder  
  177  12:03  Marauder  
  177  12:04  Terran Infantry Armor Level 2  
  177  12:05  Marine  
  177  12:08  Liberator  
  182  12:09  Marine  
  182  12:10  Marauder  
  182  12:12  Marine  
  182  12:14  Liberator  
  186  12:15  Terran Infantry Weapons Level 3  
  189  12:23  Marauder  
  188  12:32  Marine x2  
  188  12:33  Marauder x2  
  182  12:37  Marine  
  178  12:44  Marine  
  178  12:48  SCV x2  
  178  12:49  SCV  
  178  12:51  Liberator  
  174  12:54  Marauder  
  169  13:02  Viking  
  169  13:05  Marauder  
  155  13:06  Marine  
  155  13:07  Marauder  
  155  13:08  Marine  
  155  13:09  Marauder  
  155  13:13  SCV  
  155  13:14  Viking  
  155  13:15  Marine  
  155  13:18  SCV  
  157  13:24  Marine  
  157  13:27  Marauder  
  160  13:28  SCV, Marauder  
  160  13:29  Marine  
  160  13:30  Marauder  
  160  13:32  Medivac  
  160  13:33  Marine  
  163  13:42  Marine  
  163  13:44  Medivac  
  163  13:46  Marine  
  163  13:48  Marauder  
  164  13:49  Liberator  
  164  13:50  Liberator, Marauder  
  164  13:51  Marine x2  
  164  13:55  Sensor Tower  
  168  14:00  Marine  
  169  14:04  Marine  
  169  14:09  Marauder x2, Marine  
  178  14:10  SCV  
  178  14:11  Marauder  
  181  14:18  Marine  
  181  14:21  Sensor Tower  
  181  14:22  Marine  
  182  14:27  Marauder  
  182  14:30  Liberator, Marine  
  182  14:31  Marauder  
  187  14:32  Marine  
  187  14:37  Marine  
  167  14:46  Marine  
  167  14:48  Marauder  
  167  14:49  Marauder  
  167  14:50  Marauder  
  167  14:52  Marine  
  160  14:54  Medivac  
  160  14:55  Marine  
  163  15:02  Medivac  
  163  15:04  Orbital Command, Marine  
  166  15:10  Marauder x3  
  166  15:11  Marine  
  166  15:13  Marine  
  168  15:22  Marine  
  168  15:24  Medivac  
  165  15:29  Marauder  
  165  15:31  Marauder x2, Marine x2  
  170  15:40  Marine  
  162  15:48  Marine  
  162  15:49  Marine  
  160  15:50  Marine  
  160  15:52  Marine x2  
  163  15:57  Marine  
  164  16:06  Marine  
  164  16:07  Marauder  
  164  16:08  Marine  
  164  16:10  Marauder  
  164  16:11  Marauder  
  172  16:15  Marine  
  169  16:24  Marine  
  170  16:26  Marine  
  170  16:28  Marine  
  170  16:31  Marine x2  
  171  16:33  Marine  
  160  16:42  Marine  
  160  16:44  Marine  
  160  16:46  Marine  
  118  16:49  Marine x2  
  118  16:51  Orbital Command, Marine  
  119  17:00  Marine  
  106  17:02  Marine  
  106  17:04  Marine  
  106  17:07  Marine x2  
  110  17:09  Marine  
  103  17:20  Marine  
  103  17:26  Marauder x2  
  101  17:34  Marauder  
Show
View Real Time Build Order
Export as new Build Order

Astrea Protoss - Winner!

Build Orders: 1 Gate Expand, Phoenix Opening, Colossus Rush 

Get SALT Encoding   

  12  0:00  Probe  
  13  0:12  Probe  
  14  0:17  Pylon  
  14  0:25  Probe (Chrono Boost)  
  16  0:37  Probe (Chrono Boost), Gateway  
  16  0:43  Probe (Chrono Boost)  
  16  0:45  Assimilator  
  17  0:51  Probe  
  18  1:03  Probe  
  19  1:15  Probe  
  20  1:22  Nexus  
  20  1:32  Cybernetics Core  
  20  1:35  Probe  
  21  1:42  Assimilator  
  21  1:47  Probe  
  21  1:52  Pylon  
  22  1:59  Probe  
  23  2:07  Adept (Chrono Boost), Probe  
  23  2:15  Probe  
  26  2:16  Stargate  
  27  2:24  Warp Gate  
  27  2:25  Probe  
  28  2:32  Adept  
  28  2:34  Probe  
  30  2:40  Probe  
  31  2:46  Probe (Chrono Boost)  
  33  2:59  Probe (Chrono Boost)  
  33  3:00  Phoenix (Chrono Boost)  
  33  3:03  Probe (Chrono Boost)  
  36  3:07  Probe (Chrono Boost)  
  36  3:09  Pylon  
  36  3:10  Probe (Chrono Boost)  
  38  3:13  Probe  
  39  3:21  Phoenix (Chrono Boost), Probe  
  39  3:25  Probe  
  44  3:36  Probe (Chrono Boost)  
  44  3:38  Probe (Chrono Boost)  
  44  3:40  Phoenix  
  47  3:44  Robotics Facility  
  47  3:46  Assimilator  
  47  3:48  Probe (Chrono Boost)  
  49  3:49  Probe (Chrono Boost), Assimilator  
  49  3:52  Pylon, Probe (Chrono Boost)  
  50  3:57  Probe  
  50  3:58  Pylon  
  51  4:04  Probe  
  51  4:05  Phoenix  
  54  4:10  Probe  
  54  4:16  Probe  
  56  4:22  Probe  
  57  4:28  Probe  
  58  4:32  Observer  
  58  4:34  Robotics Bay, Probe  
  58  4:36  Nexus  
  60  4:40  Probe  
  60  4:44  Phoenix  
  61  4:46  Probe  
  61  4:48  Gateway  
  61  4:51  Gateway  
  62  4:53  Probe  
  62  4:57  Sentry  
  62  4:59  Immortal (Chrono Boost)  
  65  5:03  Probe  
  70  5:09  Pylon  
  70  5:21  Pylon  
  70  5:26  Colossus (Chrono Boost)  
  70  5:27  Probe  
  70  5:28  Probe  
  78  5:36  Extended Thermal Lance  
  78  5:40  Probe x2  
  78  5:41  Pylon  
  80  5:48  Probe  
  81  5:52  Probe x2, Sentry  
  85  5:59  Twilight Council  
  85  6:00  Probe  
  85  6:02  Colossus (Chrono Boost)  
  87  6:04  Probe x2  
  94  6:15  Probe, Gateway  
  94  6:16  Pylon, Sentry, Gateway  
  94  6:18  Zealot  
  99  6:19  Gateway  
  99  6:20  Probe x2  
  101  6:34  Forge  
  101  6:35  Forge  
  101  6:37  Observer  
  101  6:44  Colossus (Chrono Boost)  
  105  6:49  Assimilator  
  105  6:50  Charge (Chrono Boost)  
  105  6:51  Zealot x3  
  105  6:52  Assimilator  
  111  6:57  Pylon  
  111  6:58  Observer  
  111  6:59  Pylon  
  111  7:00  Pylon  
  111  7:01  Probe  
  111  7:02  Probe  
  111  7:03  Protoss Ground Weapons Level 1 (Chrono Boost)  
  111  7:04  Protoss Ground Armor Level 1 (Chrono Boost)  
  113  7:09  Probe  
  113  7:12  Photon Cannon  
  114  7:15  Photon Cannon  
  114  7:16  Pylon  
  114  7:23  Nexus  
  114  7:32  Observer (Chrono Boost)  
  114  7:33  Pylon  
  114  7:35  Gravitic Boosters  
  114  7:36  Stalker x4  
  114  7:37  Observer  
  123  7:42  Templar Archives  
  123  7:46  Photon Cannon  
  123  7:50  Warp Prism  
  125  7:58  Pylon  
  125  7:59  Probe  
  125  8:00  Probe x2  
  128  8:11  Probe  
  128  8:12  Probe x2  
  131  8:14  Psionic Storm  
  131  8:17  Gateway  
  131  8:19  Gateway  
  129  8:20  Gateway, Photon Cannon  
  129  8:21  Gateway  
  129  8:24  Probe x3  
  129  8:26  Blink  
  132  8:34  Zealot x3  
  136  8:35  Zealot  
  136  8:39  Warp Prism  
  140  8:50  High Templar x2  
  140  8:52  Probe  
  147  8:58  High Templar x2  
  147  9:00  Protoss Ground Weapons Level 2 (Chrono Boost), Protoss Ground Armor Level 2 (Chrono Boost)  
  147  9:02  Stalker x2  
  155  9:10  Nexus  
  155  9:22  Zealot x6  
  167  9:26  Pylon  
  167  9:27  Pylon  
  164  9:46  Observer  
  164  9:56  Photon Cannon  
  164  9:57  Photon Cannon  
  164  9:58  Pylon  
  164  9:59  Shield Battery  
  164  10:01  Zealot x10  
  164  10:02  Gateway  
  164  10:03  Gateway  
  182  10:15  Archon  
  182  10:16  Archon x3  
  155  10:31  Zealot x4  
  155  10:32  Zealot x6  
  159  10:35  Archon  
  139  10:48  Probe x5  
  142  10:52  High Templar x4, Warp Prism (Chrono Boost)  
  142  10:53  Stalker x6  
  142  10:56  Archon x2  
  160  11:00  Observer, Probe  
  160  11:02  Protoss Ground Weapons Level 3 (Chrono Boost), Gravitic Drive (Chrono Boost)  
  153  11:12  Protoss Ground Armor Level 3 (Chrono Boost)  
  153  11:16  High Templar x4  
  153  11:17  Zealot x4  
  169  11:28  Observer  
  169  11:30  Nexus  
  169  11:31  Pylon  
  169  11:51  Zealot x12  
  193  11:59  Stalker x8, Zealot  
  193  12:00  Zealot x3  
  181  12:09  Probe  
  181  12:10  Probe x4  
  186  12:22  Nexus  
  174  12:36  Warp Prism  
  138  12:45  Zealot x3  
  138  12:46  Stalker x4  
  138  12:47  Zealot x5  
  138  12:48  Probe x3  
  142  13:02  Archon  
  125  13:08  Probe x3  
  125  13:09  Stalker x2  
  120  13:14  Probe x2  
  122  13:20  Probe x3  
  122  13:26  Probe  
  126  13:33  Stalker x12  
  150  13:34  Colossus  
  150  13:35  Protoss Shields Level 1 (Chrono Boost)  
  152  13:51  Probe x5  
  152  13:54  Probe  
  158  13:57  Observer  
  158  13:58  High Templar  
  158  13:59  High Templar x3, Zealot x5  
  158  14:00  Zealot x2  
  180  14:05  Archon  
  180  14:06  Archon, Zealot  
  182  14:25  Zealot x7  
  174  14:47  Zealot x12  
  174  14:48  Colossus (Chrono Boost)  
  128  14:55  Zealot x4  
  128  14:59  High Templar x4, Zealot  
  144  15:00  Zealot x3  
  144  15:01  Probe x3  
  144  15:02  Probe x2  
  144  15:04  Photon Cannon  
  144  15:06  Photon Cannon  
  155  15:07  Shield Battery  
  155  15:16  Zealot x4  
  162  15:25  Zealot x4  
  170  15:32  Colossus (Chrono Boost)  
  170  15:33  Zealot x4  
  181  15:46  Pylon x2, Zealot  
  181  15:47  Zealot x5  
  181  15:49  Gateway  
  191  15:51  Gateway x2  
  191  15:54  Gateway  
  191  15:55  Nexus  
  187  16:03  Stalker x3  
  187  16:04  Stalker  
  193  16:12  Zealot x2  
  194  16:20  Colossus (Chrono Boost)  
  198  16:26  Stalker  
  198  16:34  Zealot  
  189  16:46  Archon  
  189  16:47  Stalker x7  
  162  16:49  Zealot x2  
  161  17:02  Stalker  
  161  17:03  Probe x2  
  161  17:04  Probe x2  
  167  17:10  Warp Prism (Chrono Boost)  
  168  17:16  Probe x4  
  168  17:20  Nexus  
  168  17:21  Nexus, Assimilator  
  168  17:22  Probe, Assimilator  
  171  17:25  Assimilator x2  
  159  17:37  Zealot x6  
  159  17:38  Zealot x4  
Tags
 
Add a new tag
Caveats
  • Supply blocks, unpowered buildings, or Contaminate may cause inaccurate times.
  • Supply counts are checked every 10 seconds.